 Dungeon Sprint DCSS version 0.30.1-9-gdf580d7c3d (webtiles) character file.

Game seed: 1676807998912421834

331 boopmooplesden the Cruncher (level 6, -2/58 HPs)
             Began as a Minotaur Gladiator on Oct 15, 2023.
             Killed from afar by an air elemental (11 damage)
             ... with a stunning burst
             ... while paralysed by an air elemental
             ... in the Dungeon (Sprint V: "Ziggurat Sprint").
             The game lasted 00:01:46 (499 turns).

boopmooplesden the Cruncher (Minotaur Gladiator)     Turns: 499, Time: 00:01:47

Health: -2/58      AC: 17    Str: 26    XL:     6   Next: 26%
Magic:  5/5        EV:  2    Int:  5    God:
Gold:   0          SH:  0    Dex: 12    Spells: 5/5 levels left

rFire   + . .        b - +5 lajatang
rCold   + . .        (shield currently unavailable)
rNeg    . . .        l - +5 gold dragon scales
rPois   +            c - +0 hat
rElec   .            (no cloak)
rCorr   .            (no gloves)
SInv    .            (no boots)
Will    .....        (no amulet) Stlth
                     D - +6 ring of strength
HPRegen 0.29/turn    y - ring of flight
MPRegen 0.09/turn

%: no teleportation
@: paralysed, flying
A: horns 2, retaliatory headbutt
a: no special abilities


You were in the Dungeon.
You visited 1 branch

Inventory:

Hand Weapons
 a - the +27 heavy crossbow "Sniper" {heavy, Acc+∞ SInv}
   (You found it in the Dungeon)

   Acc+∞: It never misses its target.
   SInv:      It lets you see invisible.
 b - a +5 lajatang (weapon)
 G - a +0 quarterstaff
Missiles
 d - 3 throwing nets (quivered)
 e - a javelin
Armour
 c - a +0 hat (worn)
 l - +5 gold dragon scales (worn)
 m - a +0 leather armour
Jewellery
 y - a ring of flight (right hand)
 z - a +6 ring of dexterity
 A - a +6 ring of dexterity
 B - a +6 ring of intelligence
 C - a +6 ring of intelligence
 D - a +6 ring of strength (left hand)
 E - a +6 ring of strength
Wands
 w - a wand of mindburst (7)
 x - a wand of quicksilver (7)
 F - a wand of flame (4)
 H - a wand of roots (5)
 I - a wand of polymorph (5)
 J - a wand of paralysis (6)
Scrolls
 k - 4 scrolls of blinking
 s - 4 scrolls of amnesia
 t - 7 scrolls of fog
 u - 5 scrolls of identify
 v - 2 scrolls of fear
Potions
 f - 10 potions of curing
 g - 10 potions of heal wounds
 h - 6 potions of haste
 i - 7 potions of magic
 j - 3 potions of berserk rage
 n - 2 potions of brilliance
 o - 2 potions of invisibility
 p - 4 potions of resistance
 q - a potion of experience
 r - 5 potions of might


   Skills:
 + Level 6.4 Fighting
 + Level 11.0 Staves
 + Level 1.4 Ranged Weapons
 + Level 4.2 Throwing
 + Level 1.7 Armour
 + Level 8.8 Dodging


You had 5 spell levels left.
You didn't know any spells.
Your spell library contained the following spells:

 Spells                   Type           Power      Damage    Failure   Level
 Apportation              Tloc           0%         N/A       100%        1
 Cigotuvi's Dreadful Rot  Necr/Pois/Air  0%         N/A       100%        2
 Dazzling Flash           Conj/Hex       0%         N/A       100%        3
 Ignite Poison            Fire/Tmut/Pois 0%         N/A       100%        3
 Sticky Flame             Conj/Fire      0%         2d3       100%        4
 Agony                    Necr           0%         N/A       100%        5
 Alistair's Intoxication  Tmut/Pois      0%         N/A       100%        5
 Freezing Cloud           Conj/Ice/Air   0%         6-21      100%        5
 Silence                  Hex/Air        0%         N/A       100%        5
 Ignition                 Fire           0%         3d3       100%        8


Dungeon Overview and Level Annotations

Branches:
Dungeon (1/1)

Altars:
Ashenzari
Cheibriados
Dithmenos
Elyvilon
Fedhas
Gozag
Hepliaklqana
Kikubaaqudgha
Makhleb
Nemelex Xobeh
Okawaru
Qazlal
Ru
Sif Muna
Trog
Uskayaw
Vehumet
Wu Jian
Xom
Yredelemnul
Zin
The Shining One
Jiyva
Lugonu

Annotations:
D 1 transporter


Innate Abilities, Weirdness & Mutations

You have a pair of horns on your head.
You reflexively headbutt those who attack you in melee.


Message History

The air elemental completely misses you.
You furiously retaliate!
You headbutt the air elemental, but do no damage.
The air elemental completely misses you.
The air elemental hits you but does no damage. x2
The air elemental hits you.
The air elemental fires a burst of electricity at you.
The stunning burst misses you.
You slash the air elemental!
The air elemental is almost destroyed.
The air elemental hits you but does no damage.
The air elemental barely misses you.
The air elemental hits you but does no damage.
The air elemental fires a burst of electricity at you.
The stunning burst misses you.
The air elemental fires a burst of electricity at you.
The stunning burst hits you.
You shrug off the repeated paralysis!
The air elemental hits you but does no damage.
You miss the air elemental. Your headbutt misses the air elemental.
The air elemental is almost destroyed.
The air elemental fires a burst of electricity at you.
The stunning burst hits you but does no damage.
You shrug off the repeated paralysis!
The air elemental barely misses you. The air elemental hits you!
* * * LOW HITPOINT WARNING * * *
The air elemental fires a burst of electricity at you.
The stunning burst hits you but does no damage.
You shrug off the repeated paralysis!
The air elemental hits you but does no damage.
The air elemental fires a burst of electricity at you.
The stunning burst hits you!
You shrug off the repeated paralysis!
* * * LOW HITPOINT WARNING * * *
You miss the air elemental. Your headbutt misses the air elemental.
The air elemental is almost destroyed.
The air elemental barely misses you. You furiously retaliate!
You headbutt the air elemental!
You destroy the air elemental!
The air elemental fires a burst of electricity at you.
The stunning burst hits you!
You suddenly lose the ability to move!
You die...

▓...÷.▓.....▓..©..▓
▓..©..▓..©..▓▓▓▓▓▓▓
▓▓▓▓▓▓▓▓▓▓▓▓▓▓
▓..8©8...▓
▓..)?/...▓
▓...=....▓
▓...E....▓
▓..E.E...▓
▓.▓.@..▓.▓
▓...©....▓
▓▓▓▓▓▓▓▓▓▓


You could see 3 air elementals.

Vanquished Creatures
  An air elemental (D)
  4 necrophages (D)
  A wight (D)
  A crimson imp (D)
  A white imp (D)
  A bat skeleton (D)
  A giant cockroach zombie (D)
10 creatures vanquished.

Notes
Turn   | Place    | Note
-------+----------+-------------------------------------------
     0 | D        | boopmooplesden the Minotaur Gladiator began the quest for
                  | the Orb.
     0 | D        | Reached XP level 1. HP: 18/18 MP: 0/0
    13 | D        | Found a blossoming altar of Fedhas.
    13 | D        | Found the +6 Majin-Bo {spellvamp, MP+6 Int+6}
    13 | D        | Found the +27 heavy crossbow "Sniper" {heavy, Acc+∞ SInv}
    13 | D        | Found the +10 dark maul {heavy}
    13 | D        | Found the +15 Maxwell's patent armour {-Cast -Tele rElec
                  | Will+ rCorr}
    13 | D        | Found the +18 shield of the Gong {Loud rN+ Will+ rCorr
                  | EV-5}
    13 | D        | Found the +16 obsidian axe {drain, demonic, Mesm Drain Fly
                  | SInv}
    13 | D        | Found the +7 great mace "Firestarter" {flame, immolate,
                  | rFlCloud rF++}
    13 | D        | Found the +6 shillelagh "Devastator" {shatter}
    13 | D        | Found the +11 plutonium sword {Contam Stlth-}
    13 | D        | Found the +8 lance "Wyrmbane" {slay drac, rPois rF+ rC+
                  | AC+3}
    13 | D        | Found the +9 sword of Zonguldrok {reap}
    13 | D        | Found the +13 scythe of Curses {drain, curses, Drain}
    13 | D        | Found the +9 sword of Power {lifebolt}
    13 | D        | Found the +7 mace of Variability {chaos, chaos arc}
    13 | D        | Found the +11 Singing Sword {sonic wave}
    13 | D        | Found the +8 storm bow {elec, penet}
    14 | D        | Found a viscous altar of Jiyva.
    14 | D        | Found a hazy altar of Hepliaklqana.
    14 | D        | Found a transporter.
    14 | D        | Found an opulent altar of Gozag.
    14 | D        | Found an ancient bone altar of Kikubaaqudgha.
    14 | D        | Found a corrupted altar of Lugonu.
    22 | D        | Found a burning altar of Makhleb.
    23 | D        | Found a shimmering blue altar of Sif Muna.
    23 | D        | Found a sacrificial altar of Ru.
    23 | D        | Found a bloodstained altar of Trog.
    23 | D        | Found a stormy altar of Qazlal.
    23 | D        | Found an iron altar of Okawaru.
    23 | D        | Found a sparkling altar of Nemelex Xobeh.
    54 | D        | Entered arena 2.
    54 | D        | Noticed a crimson imp
    54 | D        | Found a transporter.
    55 | D        | Killed a crimson imp
    56 | D        | Reached skill level 6 in Staves
    56 | D        | Reached skill level 5 in Dodging
    56 | D        | Reached XP level 2. HP: 18/26 MP: 1/1
    56 | D        | Reached XP level 3. HP: 21/31 MP: 2/2
   196 | D        | Entered arena 3.
   196 | D        | Noticed a necrophage
   196 | D        | Found a transporter.
   205 | D        | Killed a necrophage
   206 | D        | Reached skill level 7 in Staves
   206 | D        | Reached XP level 4. HP: 39/41 MP: 3/3
   218 | D        | Entered arena 4.
   218 | D        | Noticed a necrophage
   218 | D        | Noticed a necrophage
   218 | D        | Noticed a necrophage
   218 | D        | Found a transporter.
   229 | D        | Killed a necrophage
   230 | D        | Reached skill level 5 in Fighting
   230 | D        | Reached skill level 9 in Staves
   230 | D        | Reached skill level 1 in Ranged Weapons
   230 | D        | Reached XP level 5. HP: 22/48 MP: 4/4
   232 | D        | Reached skill level 1 in Armour
   235 | D        | Reached skill level 10 in Staves
   235 | D        | Reached XP level 6. HP: 12/57 MP: 5/5
   237 | D        | Reached skill level 11 in Staves
   494 | D        | Entered arena 5.
   494 | D        | Noticed an air elemental
   494 | D        | Noticed an air elemental
   494 | D        | Noticed an air elemental
   494 | D        | Noticed an air elemental
   494 | D        | Found a transporter.
   494 | D        | Paralysed by an air elemental for 1 turns
   499 | D        | Killed an air elemental
   499 | D        | Paralysed by an air elemental for 1 turns
   499 | D        | Killed from afar by an air elemental

Illustrated notes

Levels and vault maps discovered:
D:        sprint_v [room_start, room_1, room_2, room_3, room_4, room_5, room_6,
          room_7, room_8, room_9, room_10, room_11, room_12, room_13, room_14,
          room_15, room_16, room_17, room_18, room_19, room_20, room_21,
          room_22, room_23, room_24, room_25, room_26, room_27]

Skill      XL: |  1  2  3  4  5  6 |
---------------+-------------------+-----
Fighting       | 3 4 5 6 |  6.4
Staves         | 6 7 9 10 11 | 11.0
Dodging        | 5 6 7 8 |  8.8
Throwing       | 3 4 |  4.2
Ranged Weapons | 1 |  1.4
Armour         | 1 |  1.7

Action                     |  1- 3 |  4- 6 || total
---------------------------+-------+-------++-------
  Melee: Lajatang          |     8 |    20 ||    28
         Headbutt          |       |     1 ||     1
   Fire: Heavy crossbow    |     2 |       ||     2
 Armour: Gold dragon scale |     7 |    38 ||    45
  Dodge: Dodged            |     2 |    16 ||    18
